 Dungeon Crawl Stone Soup version 0.20.1-1-g8b1a95d (webtiles) character file.

22 RollingDesktops the Grasshopper (level 2, -10/25 HPs)
             Began as a Draconian Warper on Jan 3, 2018.
             Killed from afar by Ijyb (16 damage)
             ... with an exploding inner flame
             ... hexed by the player character
             ... on level 3 of the Dungeon.
             The game lasted 00:06:35 (989 turns).

RollingDesktops the Grasshopper (Draconian Warper)   Turns: 989, Time: 00:06:37

Health: -10/25     AC: 12    Str: 13    XL:     2   Next: 68%
Magic:  5/5        EV: 19    Int: 13    God:
Gold:   30         SH:  0    Dex: 10    Spells: 5/5 levels left

rFire    . . .     SeeInvis .   (weapon currently unavailable)
rCold    . . .     Gourm    .   (shield currently unavailable)
rNeg     + + +     Faith    .   (armour unavailable)
rPois    +         Spirit   .   (helmet currently unavailable)
rElec    .         Reflect  .   (cloak currently unavailable)
rCorr    .         Harm     .   (gloves currently unavailable)
MR       .....                  (boots currently unavailable)
Stlth    +.........             h - amulet of inaccuracy (curse)
Regen    0.1/turn               (no ring)
MPRegen  0.1/turn               (no ring)

@: fungus-form
A: unfitting armour, AC +4
a: no special abilities


You were on level 3 of the Dungeon.
You were not hungry.
You were a sentient fungus.
You visited 1 branch of the dungeon, and saw 3 of its levels.

You collected 30 gold pieces.

Inventory:

Hand Weapons
 a - a +0 spear (melded)
 e - a +0 trident
Jewellery
 h - a cursed amulet of inaccuracy (around neck)
Scrolls
 c - a scroll of amnesia
 l - 4 scrolls of teleportation
Potions
 j - a potion of invisibility {unknown}
Books
 b - a book of Spatial Translocations

   Spells                             Type                      Level
   a - Blink                          Translocation                2
   b - Shroud of Golubria             Charms/Translocation         2
   c - Lesser Beckoning               Translocation                3
   d - Gell's Gravitas                Translocation                3
   e - Teleport Other                 Translocation                3
   f - Passage of Golubria            Translocation                4
Comestibles
 f - 3 bread rations


   Skills:
 + Level 2.4 Fighting
 + Level 2.4 Polearms
 + Level 0.8 Throwing
 + Level 2.4 Dodging
 + Level 0.2 Stealth
 + Level 2.2 Spellcasting
   Level 3.0 Translocations


You had 5 spell levels left.
You didn't know any spells.

Dungeon Overview and Level Annotations

Branches:
Dungeon (3/15)

Altars:


Innate Abilities, Weirdness & Mutations

((Your plain brown scales are hard. (AC +4)))
You cannot fit into any form of body armour.
((You are cold-blooded and may be slowed by cold attacks.))


Message History

Press: ? - help, Shift-Dir - straight line, f/p - Ijyb
Aim: Ijyb, wielding a club, wearing a ring mail and carrying a wand of polymorph (?/24) {zapped: 1} (lightly wounded, inner flame)
You throw a tomahawk. The tomahawk closely misses Ijyb.
The goblin barely misses you.
Ijyb zaps a wand.
You turn into a sentient fungus.
Your +0 spear melds into your body.
The goblin hits you but does no damage. The goblin misses you.
You can't do that in your present form.
Unknown command.
You're too terrified to move while being watched!
You're too terrified to move while being watched!
You completely miss Ijyb.
Ijyb is lightly wounded.
Ijyb barely misses you. The goblin closely misses you.
You release spores at the goblin!
The goblin explodes!
The fiery explosion engulfs Ijyb.
Ijyb explodes!
The fiery explosion engulfs you!
Ouch! That really hurt!
You die...

..####### #.........
.......$.#####.........
......#...............
#....##.............
####....##.........(..
...+....##.........#
####.....§§...§g§.#
)........§§...§§f§#
######.........§§§#
.....+...##+#####§#
######...# .#
........... ..
....######## ### g..g.
..... .....


You could see a goblin (inner flame).

Vanquished Creatures
  A leopard gecko (D:3)
  An orc (D:3)
  A giant cockroach (D:3)
  3 goblins
  2 hobgoblins
  5 kobolds (D:1)
  A ball python (D:3)
  3 bats
  2 rats (D:1)
19 creatures vanquished.

Notes
Turn   | Place    | Note
-------+----------+-------------------------------------------
     0 | D:1      | RollingDesktops the Draconian Warper began the quest for the Orb.
     0 | D:1      | Reached XP level 1. HP: 17/17 MP: 3/3
   374 | D:1      | Reached XP level 2. HP: 9/25 MP: 5/5
   950 | D:3      | Noticed Ijyb
   989 | D:3      | Killed Ijyb
   989 | D:3      | Killed from afar by Ijyb

Action                   || total
-------------------------++-------
Melee: Spear             ||    78
       Tailslap          ||     3
       Unarmed           ||     2
Throw: Tomahawk          ||    10
  Use: Scroll            ||     7
 Stab: Sleeping          ||     1
Armor: Skin              ||    55
Dodge: Dodged            ||   129
